 Dungeon Crawl Stone Soup version 0.32-a0-699-g1ee5eff69a (webtiles) character file.

Game seed: 5330182545495827447

2029 Aldia the Ruffian (level 9, -1/68 HPs)
             Began as a Gnoll Wanderer on Mar 13, 2024.
             Was an Initiate of Yredelemnul.
             Slain by an orc warrior
             ... wielding a +0 dire flail of protection
              (9 damage)
             ... on level 7 of the Dungeon.
             The game lasted 00:14:26 (6531 turns).

Aldia the Ruffian (Gnoll Wanderer)                  Turns: 6531, Time: 00:14:26

Health: -1/68      AC: 23    Str: 20    XL:     9   Next: 23%
Magic:  15/15      EV:  9    Int: 12    God:    Yredelemnul [......]
Gold:   311        SH:  0    Dex: 13    Spells: 12/16 levels left

rFire   . . .        o - +2 dagger (venom)
rCold   . . .        (no shield)
rNeg    . . .        x - +3 chain mail
rPois   .            d - +1 helmet
rElec   .            c - +1 cloak
rCorr   .            s - +1 pair of gloves
SInv    .            (no boots)
Will    .....        (no amulet) Stlth
                     r - +6 ring of strength
HPRegen 0.31/turn    p - +4 ring of protection
MPRegen 0.14/turn

%: no passive effects
@: wreathed by umbra
A: fangs 1, strong nose, distributed training
a: Renounce Religion, Light the Black Torch, Recall Undead Harvest


You were on level 7 of the Dungeon.
You worshipped Yredelemnul.
Yredelemnul was noncommittal.
You visited 2 branches of the dungeon, and saw 8 of its levels.
You also visited: Sewer.

You collected 311 gold pieces.

Inventory:

Hand Weapons
 a - a +3 hand axe
 o - a +2 dagger of venom (weapon)
Missiles
 y - 3 throwing nets (quivered)
Armour
 c - a +1 cloak (worn)
 d - a +1 helmet (worn)
 e - a +0 leather armour
 h - a +0 plate armour
 j - a +0 scale mail
 s - a +1 pair of gloves (worn)
 x - a +3 chain mail (worn)
Jewellery
 p - a +4 ring of protection (right hand)
 r - a +6 ring of strength (left hand)
Wands
 n - a wand of flame (10)
Scrolls
 b - 3 scrolls of vulnerability
 i - a scroll of amnesia
 k - 3 scrolls of teleportation
 m - 2 scrolls of enchant weapon
 u - 2 scrolls of noise
 v - a scroll of blinking {unknown}
 z - 2 scrolls of fog
Potions
 f - 2 potions of enlightenment
 g - a potion of invisibility
 q - 2 potions of attraction
 w - a potion of mutation


   Skills:
 + Level 5.0 Fighting
 + Level 4.2 Short Blades
 + Level 4.2 Long Blades
 + Level 7.9 Axes
 + Level 4.2 Maces & Flails
 + Level 4.2 Polearms
 + Level 4.2 Staves
 + Level 4.2 Ranged Weapons
 + Level 4.2 Throwing
 + Level 4.2 Armour
 + Level 5.0 Dodging
 + Level 4.9 Stealth
 + Level 4.2 Shields
 + Level 7.9 Unarmed Combat
 + Level 4.2 Spellcasting
 + Level 3.4 Conjurations
 + Level 3.4 Hexes
 + Level 3.4 Summonings
 + Level 3.4 Necromancy
 + Level 3.4 Translocations
 + Level 3.4 Fire Magic
 + Level 3.4 Ice Magic
 + Level 3.4 Air Magic
 + Level 3.4 Earth Magic
 + Level 3.4 Alchemy
 + Level 5.3 Invocations
 + Level 4.2 Evocations
 + Level 3.8 Shapeshifting


You had 12 spell levels left.
You knew the following spells:

 Your Spells              Type           Power      Damage    Failure   Level
a - Apportation           Tloc           20%        N/A       36%         1
b - Mephitic Cloud        Conj/Alch/Air  10%        N/A       75%         3

Your spell library contained the following spells:

 Spells                   Type           Power      Damage    Failure   Level
 Freeze                   Ice            40%        1d6       36%         1
 Necrotise                Necr           40%        1d6       36%         1
 Sting                    Conj/Alch      40%        1d5       36%         1
 Summon Small Mammal      Summ           40%        N/A       36%         1
 Jinxbite                 Hex            20%        N/A       50%         2
 Dazzling Flash           Conj/Hex       20%        N/A       75%         3
 Frozen Ramparts          Ice            20%        1d4       75%         3
 Hailstorm                Conj/Ice       10%        3d6       75%         3
 Alistair's Intoxication  Alch           6%         N/A       100%        5
 Curse of Agony           Necr           10%        N/A       100%        5
 Silence                  Hex/Air        5%         N/A       100%        5
 Yara's Violent Unravell  Hex/Alch       5%         3d4       100%        5
 Enfeeble                 Hex            5%         N/A       100%        7


Dungeon Overview and Level Annotations

Branches:
Dungeon (7/15)             Temple (1/1) D:7           Sewer (visited)

Altars:
Cheibriados
Dithmenos
Elyvilon
Fedhas
Kikubaaqudgha
Makhleb
Nemelex Xobeh
Okawaru
Qazlal
Ru
Sif Muna
Trog
Uskayaw
Vehumet
Wu Jian
Xom
Yredelemnul
Zin

Shops:
D:2 (

Annotations:
D:2 1 runed translucent door, Crazy Yiuf
Temple 2 transporters


Innate Abilities, Weirdness & Mutations

You have very sharp teeth.
Your uncanny sense of smell can sniff out nearby items.
Your experience applies equally to all skills.


Message History

Your orc zombie hits the orc warrior but does no damage.
You closely miss the orc warrior.
The orc warrior is moderately wounded.
Your orc zombie barely misses something.
Your orc priest zombie hits the orc warrior.
The orc warrior hits you with a +0 dire flail of protection!
* * * LOW HITPOINT WARNING * * *
The orc hits you but does no damage. x2; Something hits you but does no damage.
You hear some strange, mumbled words.
A puff of flame appears from out of thin air!
The puff of flame hits you but does no damage.
You hit the orc warrior but do no damage.
The orc warrior looks as sick as possible!
The orc warrior is moderately wounded.
Your orc zombie hits the orc warrior but does no damage.
Your orc zombie misses something.
Unknown command.
You hit the orc warrior but do no damage.
The orc warrior looks as sick as possible!
The orc warrior is moderately wounded.
The orc warrior hits you but does no damage.
The orc hits you but does no damage. x2; Something hits you but does no damage.
Something hits you.
* * * LOW HITPOINT WARNING * * *
Your orc priest zombie hits the orc warrior.
You closely miss the orc warrior.
The orc warrior is heavily wounded.
Your orc zombie hits the orc warrior but does no damage.
The orc warrior hits you but does no damage.
Something hits you but does no damage. The orc barely misses you.
The orc closely misses you. Something hits you.
* * * LOW HITPOINT WARNING * * *
Your orc zombie hits something but does no damage.
Your orc priest zombie closely misses the orc warrior.
You hit the orc warrior but do no damage.
The orc warrior looks as sick as possible!
The orc warrior is heavily wounded.
The orc warrior hits you with a +0 dire flail of protection!
You die...
Your body rises from the dead as a mindless zombie.

# #^# #. #####.. # #.#
#.#.# ....... # #.#
#.#.# ....... ## #.#
#.#.# ....... >#
#.#####...# ....... ##
#.##......##o!.....
######.##.......#oo.....
.......##......Z@{......
.....####......#o{Z.....
.....##.......##Z######.
.....##.......##...##
.....##.............#
.....##......ß.ß.ß.+###
.....#######..⌠.⌠......
############.ß.>)ß....#
.....)........⌠.⌠.....#


You could see an orc warrior (extremely poisoned, ally target), 3 orcs, 2
friendly orc zombies and a friendly orc priest zombie.

Vanquished Creatures
  2 water moccasins
  2 ogres
  An ice beast (D:6)
  2 centaurs
  A kobold brigand (D:6)
  A brain worm (Sewer)
  4 scorpions
  3 wights (D:3)
  5 killer bees (D:6)
  2 hounds (D:6)
  A jelly (D:4)
  A gnoll bouda (D:6)
  4 orc priests
  2 iguanas
  3 orc wizards
  Robin (D:2)
  5 gnolls (D:6)
  5 adders
  2 river rats (Sewer)
  A shadow imp (D:6)
  A white imp (D:5)
  6 ufetubi
  5 dart slugs
  7 ribbon worms
  8 orcs
  5 endoplasms
  12 giant cockroaches
  6 hobgoblins
  10 jackals
  11 kobolds
  3 quokkas (Sewer)
  8 ball pythons
  10 bats
  5 frilled lizards
  13 goblins
  2 rats (D:3)
160 creatures vanquished.

Notes
Turn   | Place    | Note
-------+----------+-------------------------------------------
     0 | D:1      | Aldia the Gnoll Wanderer began the quest for the Orb.
     0 | D:1      | Aldia set off with the following items: a +2 hand axe, a
                  | scroll of vulnerability, a +0 cloak, a potion of berserk
                  | rage, a +0 leather armour.
     0 | D:1      | Reached XP level 1. HP: 17/17 MP: 2/2
   174 | D:1      | Reached XP level 2. HP: 20/23 MP: 3/3
   608 | D:2      | Reached XP level 3. HP: 26/28 MP: 4/4
   626 | D:2      | Learned a level 1 spell: Apportation
   801 | D:2      | Noticed Robin
   814 | D:2      | Killed Robin
   815 | D:2      | Reached skill level 1 in Short Blades
   815 | D:2      | Reached skill level 1 in Long Blades
   815 | D:2      | Reached skill level 1 in Maces & Flails
   815 | D:2      | Reached skill level 1 in Polearms
   815 | D:2      | Reached skill level 1 in Staves
   815 | D:2      | Reached skill level 1 in Ranged Weapons
   815 | D:2      | Reached skill level 1 in Throwing
   815 | D:2      | Reached skill level 1 in Armour
   815 | D:2      | Reached skill level 1 in Shields
   815 | D:2      | Reached skill level 1 in Spellcasting
   815 | D:2      | Reached skill level 1 in Evocations
   877 | D:2      | Found Ypri's Antique Weapon Boutique.
   923 | D:2      | Reached skill level 1 in Shapeshifting
   923 | D:2      | Reached XP level 4. HP: 31/34 MP: 6/6
  1404 | D:2      | Found a runed translucent door.
  1405 | D:2      | Noticed Crazy Yiuf
  1540 | D:3      | Reached skill level 1 in Conjurations
  1540 | D:3      | Reached skill level 1 in Hexes
  1540 | D:3      | Reached skill level 1 in Summonings
  1540 | D:3      | Reached skill level 1 in Necromancy
  1540 | D:3      | Reached skill level 1 in Translocations
  1540 | D:3      | Reached skill level 1 in Fire Magic
  1540 | D:3      | Reached skill level 1 in Ice Magic
  1540 | D:3      | Reached skill level 1 in Air Magic
  1540 | D:3      | Reached skill level 1 in Earth Magic
  1540 | D:3      | Reached skill level 1 in Alchemy
  1638 | D:3      | Learned a level 3 spell: Mephitic Cloud
  1772 | D:3      | Reached XP level 5. HP: 33/41 MP: 7/7
  1971 | D:3      | Reached XP level 6. HP: 34/47 MP: 8/8
  2556 | D:5      | Entered Level 5 of the Dungeon
  2573 | D:5      | HP: 1/47 [centaur/arrow (9)]
  2876 | D:5      | Reached XP level 7. HP: 49/52 MP: 10/10
  2881 | D:5      | Found a glowing drain.
  2888 | Sewer    | Entered a sewer
  4195 | D:4      | Reached XP level 8. HP: 45/60 MP: 12/12
  4716 | D:5      | Found a bloodstained altar of Trog.
  5523 | D:6      | Reached skill level 5 in Invocations
  5790 | D:6      | Reached XP level 9. HP: 60/67 MP: 14/14
  6344 | D:7      | Reached skill level 5 in Fighting
  6344 | D:7      | Reached skill level 5 in Dodging
  6447 | D:7      | Found a staircase to the Ecumenical Temple.
  6456 | Temple   | Found a transporter.
  6456 | Temple   | Found a transporter.
  6456 | Temple   | Found a transporter.
  6456 | Temple   | Found a transporter.
  6456 | Temple   | Entered the Ecumenical Temple
  6471 | Temple   | Became a worshipper of Yredelemnul the Fallen
  6531 | D:7      | Slain by an orc warrior

Illustrated notes

Levels and vault maps discovered:
D:1:      evilmike_arrival_hilbert_curve, layout_basic
D:2:      layout_basic, serial_shops, nicolae_shop_dealshenge,
          minmay_misc_feat_tiny, grunt_ministairs_8, uniq_robin,
          uniq_crazy_yiuf_cottage
D:3:      layout_loops_ring
D:4:      layout_gridville
D:5:      layout_basic, bloody_trog, cheibrodos_sewer_entry_drain
D:6:      layout_gridville, kennysheep_generic_room_2
D:7:      layout_basic, mainiacjoe_overflow_brackets,
          minmay_temple_entry_statues_fountains, minmay_strange_pillars,
          minmay_misc_feat_doors, dk_rats_in_the_wall
Temple:   hellmonk_temple_divided_pantheon

Skill      XL: |  1  2  3  4  5  6  7  8  9 |
---------------+----------------------------+-----
Short Blades   | 1 2 3 4 |  4.2
Long Blades    | 1 2 3 4 |  4.2
Maces & Flails | 1 2 3 4 |  4.2
Polearms       | 1 2 3 4 |  4.2
Staves         | 1 2 3 4 |  4.2
Ranged Weapons | 1 2 3 4 |  4.2
Throwing       | 1 2 3 4 |  4.2
Armour         | 1 2 3 4 |  4.2
Shields        | 1 2 3 4 |  4.2
Spellcasting   | 1 2 3 4 |  4.2
Evocations     | 1 2 3 4 |  4.2
Shapeshifting  | 1 2 3 |  3.8
Conjurations   | 1 2 3 |  3.4
Hexes          | 1 2 3 |  3.4
Summonings     | 1 2 3 |  3.4
Necromancy     | 1 2 3 |  3.4
Translocations | 1 2 3 |  3.4
Fire Magic     | 1 2 3 |  3.4
Ice Magic      | 1 2 3 |  3.4
Air Magic      | 1 2 3 |  3.4
Earth Magic    | 1 2 3 |  3.4
Alchemy        | 1 2 3 |  3.4
Fighting       | 3 4 5 |  5.0
Dodging        | 3 4 5 |  5.0
Invocations    | 3 4 5 |  5.3
Stealth        | 3 4 |  4.9
Axes           | 7 |  7.9
Unarmed Combat | 7 |  7.9

Action                     |  1- 3 |  4- 6 |  7- 9 || total
---------------------------+-------+-------+-------++-------
  Melee: Hand axe          |   100 |   112 |   290 ||   502
         Bite              |     8 |    15 |    40 ||    63
         Dagger            |       |    18 |   136 ||   154
 Invoke: Light the Black T |       |       |     1 ||     1
  Evoke: Wand              |       |       |     2 ||     2
    Use: Potion            |     1 |     1 |     5 ||     7
         Scroll            |       |     4 |    10 ||    14
   Stab: Sleeping          |     2 |       |     1 ||     3
         Distracted        |     1 |       |       ||     1
 Armour: Leather armour    |    21 |       |       ||    21
         Scale mail        |    38 |    78 |   324 ||   440
         Chain mail        |       |       |    72 ||    72
  Dodge: Dodged            |    51 |    65 |   279 ||   395

Table legend: (Time is in decaauts)
 A = Elapsed time spent in this place.
 B = Non-inter-level travel time spent in this place.
 C = Inter-level travel time spent in this place.
 D = Time resting spent in this place.
 E = Time spent auto-exploring this place.
 F = Levels seen in this place.
 G = Mean time per level.
                   A        B        C        D        E       F      G
               +--------+--------+--------+--------+--------+-----+--------+
         Total |   6697 |   6531 |    166 |    279 |   4608 |   9 |  744.1 |
       Dungeon |   5755 |   5598 |    157 |    252 |   4114 |   7 |  822.1 |
        Temple |     32 |     23 |      9 |      0 |      0 |   1 |   32.0 |
         Sewer |    909 |    909 |      0 |     27 |    494 |   1 |  909.0 |
               +--------+--------+--------+--------+--------+-----+--------+

Top non-repeatable levels by time:
     D:6: 1143 daAuts
     D:4: 1095 daAuts
     D:3: 991 daAuts
   Sewer: 909 daAuts
     D:5: 900 daAuts
     D:2: 846 daAuts
     D:1: 596 daAuts
     D:7: 182 daAuts
  Temple: 32 daAuts
